 Dungeon Crawl Stone Soup version 0.19-a0-994-g3c636f0 (webtiles) character file.

142431 4thArraOfDagon the Executioner (level 16, -10/149 HPs)
             Began as a Minotaur Berserker on July 15, 2016.
             Was an Elder of Trog.
             Killed from afar by a fire giant (39 damage)
             ... with a fireball
             ... on level 15 of the Dungeon.
             The game lasted 00:49:20 (7013 turns).

4thArraOfDagon the Executioner (Minotaur Berserker) Turns: 7013, Time: 00:49:20

Health: -10/149    AC: 27    Str: 24    XL:     16   Next: 16%
Magic:  15/15      EV: 12    Int:  7    God:    Trog [****..]
Gold:   395        SH:  0    Dex: 16    Spells: 0 memorised, 15 levels left

rFire  x . .     SeeInvis .     i - +2 battleaxe (elec)
rCold  + . .     Gourm    .     n - +0 plate armour
rNeg   . . .     Faith    .     (shield currently unavailable)
rPois  +         Spirit   .     (helmet restricted)
rElec  .         Dismiss  .     G - +0 cloak
rCorr  .         Reflect  .     h - +2 pair of gloves
SustAt .         Harm     .     (no boots)
MR     +++..                    (no amulet)
Stlth  ..........               J - ring of Xoyn {rPois Str-3 Int+3 Dex+4}
                                s - ring of ice

@: exhausted, about to teleport, regenerating, slowed, very slow, extremely
resistant to hostile enchantments, extremely unstealthy
A: retaliatory headbutt, horns 2, iridescent scales 1, evolution 1
a: Berserk, Trog's Hand, Brothers in Arms, Burn Spellbooks, Renounce Religion
}: 2/15 runes: decaying, serpentine


You were on level 15 of the Dungeon.
You worshipped Trog.
Trog was greatly pleased with you.
You were not hungry.

You visited 4 branches of the dungeon, and saw 29 of its levels.
You also visited: Ice Cave.

You collected 745 gold pieces.
You spent 350 gold pieces at shops.

Inventory:

Hand Weapons
 g - a +0 war axe
 i - a +2 battleaxe of electrocution (weapon)
 j - a +1 broad axe of electrocution
 B - a +1 battleaxe of flaming
Missiles
 N - 8 curare-tipped needles
Armour
 a - a troll hide
 h - a +2 pair of gloves (worn)
 n - a +0 plate armour (worn)
 C - a +2 shield of cold resistance
 G - a +0 cloak (worn)
 M - a -2 plate armour
Jewellery
 c - an uncursed ring of ice
 s - a ring of ice (left hand)
 t - an uncursed ring of poison resistance
 y - an uncursed ring of protection from magic
 J - the ring of Xoyn (right hand) {rPois Str-3 Int+3 Dex+4}
   (You found it on level 6 of the Lair of Beasts)

   [ring of strength]

   It affects your strength (-3).
   It affects your intelligence (+3).
   It affects your dexterity (+4).
   It protects you from poison.
 L - an uncursed ring of flight
Wands
 p - a wand of teleportation (4/9)
 q - a wand of slowing (3/48)
 u - a wand of confusion (20/48)
 v - a wand of teleportation (0/9)
 z - a wand of iceblast (6/15)
 K - a wand of flame (27/48)
 P - a wand of disintegration (8/24)
 Q - a wand of enslavement (15/24)
 R - a wand of flame (33/48)
Scrolls
 b - a scroll of remove curse
 e - 4 scrolls of immolation
 T - a scroll of magic mapping
 X - a scroll of amnesia {unknown}
Potions
 d - 2 potions of agility
 k - 2 potions of cancellation {unknown}
 l - 2 potions of flight
 m - 3 potions of magic
 o - a potion of cure mutation
 x - 2 potions of heal wounds {unknown}
 A - 3 potions of might
 E - a potion of brilliance {unknown}
 F - a potion of resistance
 O - a potion of degeneration {unknown}
 V - a potion of berserk rage {unknown}
Books
 r - a book of Ice

   Spells                             Type                      Level
   a - Ice Form                       Ice/Transmutation            4
   b - Metabolic Englaciation         Hexes/Ice                    5
   c - Ozocubu's Refrigeration        Ice                          6
   d - Bolt of Cold                   Conjuration/Ice              6
   e - Freezing Cloud                 Conjuration/Ice/Air          6
   f - Simulacrum                     Ice/Necromancy               6
   Trog disapproves of the use of such an item.
 D - a book of Geomancy

   Spells                             Type                      Level
   a - Sandblast                      Earth                        1
   b - Passwall                       Transmutation/Earth          2
   c - Stone Arrow                    Conjuration/Earth            3
   d - Petrify                        Transmutation/Earth          4
   e - Lee's Rapid Deconstruction     Earth                        5
   Trog disapproves of the use of such an item.
 H - a book of Party Tricks

   Spells                             Type                      Level
   a - Summon Butterflies             Summoning                    1
   b - Apportation                    Translocation                1
   c - Tukima's Dance                 Hexes                        3
   d - Alistair's Intoxication        Transmutation/Poison         5
   e - Invisibility                   Hexes                        6
   Trog disapproves of the use of such an item.
 U - a book of Maledictions

   Spells                             Type                      Level
   a - Corona                         Hexes                        1
   b - Ensorcelled Hibernation        Hexes/Ice                    2
   c - Confuse                        Hexes                        3
   d - Tukima's Dance                 Hexes                        3
   e - Dazzling Spray                 Conjuration/Hexes            3
   Trog disapproves of the use of such an item.
Miscellaneous
 I - a phial of floods
Comestibles
 f - 8 meat rations


   Skills:
 + Level 15.3 Fighting
 - Level 22.3 Axes
 + Level 17.7 Armour
 + Level 6.6 Dodging


You had 15 spell levels left.
You didn't know any spells.

Dungeon Overview and Level Annotations

Branches:
Dungeon (15/15)              Lair (6/6) D:9           Swamp (4/4) Lair:2
  Snake (4/4) Lair:3       Depths (0/5) D:15
 Temple: D:4-7        Slime: Lair:5-6       Orc: D:9-12      Vaults: D:13-14

Altars:

Shops:
Snake:1 %

Annotations:
D:9 Erica
Lair:5 SLIME


Innate Abilities, Weirdness & Mutations

You reflexively headbutt those who attack you in melee.
You have a pair of horns on your head.
You are partially covered in iridescent scales. (AC +4)
You evolve.


Message History

The large slime creature is almost dead.
You hit the catoblepas.
Your surroundings suddenly seem different.
A fire dragon comes into view.
Unknown command.
Unknown command.
Unknown command.
Evoke which item? (* to show all) (? for menu, Esc to quit)
Okay, then.
Okay, then.
Evoke which item? (* to show all) (? for menu, Esc to quit)
Zapping:
p - a wand of teleportation (will waste charges)
Press: ? - help, Shift-Dir - straight line, f - you You feel strangely unstable.
Evoking this partially-identified wand wasted a few charges.
The fire dragon breathes flames at you. The blast of flame misses you.
The fire giant gestures at you while chanting.
The fireball explodes!
The fireball engulfs you! The fire burns you terribly!
You die...

#.......#)...# #.#
#.....#.
#.......#.#######.##
#######. .....
#.###...... #.
####.####.##...≈.≈ #.
..........#..≈§≈§#§ #.
##...)..#...D#§§§§ #
#.
.........#..≈§§≈§§§≈§
#.
###..........≈§§§...≈§
#..$...#..§@§..>.§≈#
#......#.).≈.§.§..≈≈
#......#.C§≈≈§.≈.§§≈≈
#......#...≈#≈§≈≈§#≈.
#......#...§§≈§#≈§≈≈.
#......#.#..§≈.≈§≈...
########.##.........#
.................
####.####<#?####


You could see a fire giant and a fire dragon.

Vanquished Creatures
  3 greater nagas (Snake:4)
  A fire giant (D:15)
  A frost giant (IceCv)
  A death ooze (Swamp:4)
  A very ugly thing (Swamp:4)
  4 dire elephants (Lair:6)
  2 green deaths (Swamp:4)
  Fannar (D:10)
  9 naga warriors
  14 anacondas
  11 hydras
  2 hell beasts (Swamp:4)
  2 alligators
  A thrashing horror (Swamp:4)
  2 shock serpents
  10 naga sharpshooters
  4 death yaks (Lair:6)
  A deep troll (D:15)
  2 unseen horrors (D:15)
  A shambling mangrove (Swamp:3)
  2 hill giants
  A spriggan druid (Swamp:4)
  8 swamp dragons
  5 naga ritualists (Snake:4)
  7 ugly things (Swamp:4)
  2 griffons
  4 salamanders
  2 mana vipers (Snake:4)
  A cyclops (D:15)
  A hornet (D:15)
  Maurice (D:11)
  14 black mambas
  A large abomination (Swamp:4)
  14 guardian serpents
  7 elephants (Lair:6)
  8 naga magi
  6 spiny frogs
  An orange demon (Swamp:4)
  4 komodo dragons
  A rime drake (Lair:4)
  A yaktaur (shapeshifter) (D:15)
  A troll (D:9)
  2 freezing wraiths (D:15)
  7 polar bears
  3 meliai (D:15)
  A two-headed ogre (D:12)
  6 blink frogs (Lair:6)
  2 giant leeches (Swamp:3)
  27 slime creatures
  3 bog bodies
  4 spriggans
  7 shadows
  27 yaks
  A wyvern (D:10)
  3 wraiths
  A basilisk (Lair:4)
  8 vampire mosquitoes
  A hungry ghost (D:15)
  3 hippogriffs
  34 nagas
  15 swamp worms
  2 wargs (D:9)
  7 water moccasins
  4 porcupines
  9 swamp drakes
  An orc warrior (D:8)
  4 wasps (Swamp:3)
  A black bear (Lair:4)
  An ogre (D:9)
  11 wolves
  8 crocodiles
  7 centaurs
  A big kobold (D:10)
  5 giant frogs
  A wight (D:5)
  A howler monkey (D:7)
  A crimson imp (D:15)
  An electric eel (Lair:2)
  3 hounds
  5 orc priests
  A jelly (D:11)
  2 orc wizards
  An iguana (D:6)
  2 worker ants
  9 sheep
  A killer bee zombie (D:6)
  12 white imps (Lair:6)
  A giant gecko (D:7)
  8 orcs
  2 bats
  A hobgoblin (D:2)
  3 jackals (D:5)
  A giant newt (D:4)
  2 goblins
  A kobold (D:3)
  2 rats
  2 bushes (Lair:4)
  2 fungi
  6 plants
452 creatures vanquished.

Vanquished Creatures (collateral kills)
  The ghost of crawlian the Scorcher, a journeyman DEFE of Vehumet (Swamp:4)
  A mana viper (Snake:1)
  A black mamba (Snake:1)
  A bog body (Swamp:4)
  A slime creature (Swamp:4)
  A naga (Snake:1)
  A water moccasin (Lair:6)
  A crocodile (Lair:6)
8 creatures vanquished.

Vanquished Creatures (others)
  A wasp (Swamp:4)
  A ball lightning (Swamp:4)
  7 fungi
  3 plants (Lair:6)
12 creatures vanquished.

Grand Total: 472 creatures vanquished

Notes
Turn   | Place    | Note
-------+----------+-------------------------------------------
     0 | D:1      | 4thArraOfDagon the Minotaur Berserker began the quest for the Orb.
     0 | D:1      | Reached XP level 1. HP: 19/19 MP: 0/0
   103 | D:3      | Reached XP level 2. HP: 13/27 MP: 1/1
   211 | D:4      | Reached skill level 4 in Axes
   211 | D:4      | Reached XP level 3. HP: 33/33 MP: 2/2
   262 | D:5      | Entered Level 5 of the Dungeon
   278 | D:5      | Reached XP level 4. HP: 14/41 MP: 3/3
   288 | D:5      | Reached skill level 5 in Axes
   337 | D:5      | Reached ** piety under Trog
   351 | D:6      | Noticed an ice beast
   377 | D:6      | Reached XP level 5. HP: 26/47 MP: 4/4
   447 | D:6      | Reached skill level 5 in Fighting
   447 | D:6      | Reached skill level 6 in Axes
   486 | D:7      | Reached XP level 6. HP: 34/56 MP: 5/5
   540 | D:8      | Reached skill level 7 in Axes
   705 | D:9      | Reached skill level 5 in Armour
   729 | D:9      | Noticed a warg
   747 | D:9      | Killed a warg
   747 | D:9      | Reached XP level 7. HP: 43/62 MP: 6/6
   781 | D:9      | Noticed Erica
   805 | D:8      | Reached skill level 8 in Axes
   846 | D:9      | Noticed a troll
   870 | D:9      | Killed a troll
   870 | D:9      | Reached skill level 9 in Axes
   870 | D:9      | Reached XP level 8. HP: 71/71 MP: 7/7
   876 | D:10     | Entered Level 10 of the Dungeon
   938 | D:9      | Reached skill level 10 in Axes
   972 | D:9      | Found a staircase to the Lair.
   981 | Lair:1   | Entered Level 1 of the Lair of Beasts
  1007 | Lair:1   | Reached XP level 9. HP: 81/81 MP: 8/8
  1013 | Lair:1   | Reached skill level 11 in Axes
  1061 | Lair:1   | Noticed a komodo dragon
  1071 | Lair:1   | Killed a komodo dragon
  1130 | Lair:2   | Noticed a spiny frog
  1221 | Lair:2   | You fall through a shaft!
  1314 | Lair:4   | Reached skill level 12 in Axes
  1379 | Lair:4   | Noticed a polar bear
  1381 | Lair:4   | Reached XP level 10. HP: 91/91 MP: 9/9
  1461 | Lair:5   | Noticed a four-headed hydra
  1508 | Lair:4   | Reached *** piety under Trog
  1555 | Lair:4   | Noticed a griffon
  1562 | Lair:4   | Killed a griffon
  1562 | Lair:4   | Reached skill level 13 in Axes
  1582 | Lair:3   | Noticed a black mamba
  1588 | Lair:3   | Killed a black mamba
  1588 | Lair:3   | Reached skill level 10 in Fighting
  1614 | Lair:4   | Reached skill level 10 in Armour
  1855 | Lair:6   | Entered Level 6 of the Lair of Beasts
  1855 | Lair:6   | Noticed a griffon
  1867 | Lair:6   | Killed a griffon
  1877 | Lair:6   | Found a frozen archway.
  1903 | IceCv    | Entered an ice cave
  1910 | IceCv    | Reached skill level 14 in Axes
  1946 | IceCv    | Reached XP level 11. HP: 101/101 MP: 10/10
  2003 | IceCv    | Reached **** piety under Trog
  2062 | IceCv    | Noticed a frost giant
  2071 | IceCv    | Killed a frost giant
  2072 | IceCv    | Reached skill level 15 in Axes
  2318 | Lair:6   | Reached XP level 12. HP: 112/112 MP: 11/11
  2329 | Lair:6   | Reached skill level 16 in Axes
  2394 | Lair:6   | meh
  2404 | Lair:6   | Noticed an anaconda
  2411 | Lair:6   | Killed an anaconda
  2448 | Lair:6   | Noticed a dire elephant
  2448 | Lair:6   | Noticed a dire elephant
  2452 | Lair:6   | Killed a dire elephant
  2459 | Lair:6   | Killed a dire elephant
  2474 | Lair:6   | Got a pitted silver ring
  2478 | Lair:6   | Identified the cursed ring of Xoyn {rPois Str-3 Int+3 Dex+4} (You found it on level 6 of the Lair of Beasts)
  2503 | Lair:6   | Noticed a dire elephant
  2511 | Lair:6   | Killed a dire elephant
  2551 | Lair:6   | Noticed a dire elephant
  2562 | Lair:6   | Killed a dire elephant
  2571 | Lair:6   | Noticed a dire elephant
  2614 | Lair:6   | Noticed a seven-headed hydra
  2629 | Lair:6   | Killed a ten-headed hydra
  2631 | Lair:6   | Reached skill level 17 in Axes
  2666 | Lair:6   | Noticed a death yak
  2668 | Lair:6   | Noticed a death yak
  2669 | Lair:6   | Noticed a death yak
  2669 | Lair:6   | Noticed a death yak
  2683 | Lair:6   | Killed a death yak
  2685 | Lair:6   | Killed a death yak
  2685 | Lair:6   | Killed a death yak
  2691 | Lair:6   | Killed a death yak
  2897 | Lair:3   | Found a staircase to the Snake Pit.
  3033 | Lair:2   | Reached XP level 13. HP: 121/122 MP: 12/12
  3085 | Lair:2   | Found a staircase to the Swamp.
  3141 | Swamp:1  | Entered Level 1 of the Swamp
  3334 | Swamp:2  | Gained mutation: You evolve. [potion of beneficial mutation]
  3360 | Swamp:3  | Reached skill level 18 in Axes
  3436 | Swamp:3  | Got a scorched war axe {chop}
  3438 | Swamp:3  | Gained mutation: You are partially covered in iridescent scales. (AC +4) [evolution]
  3445 | Swamp:3  | Identified the +4 war axe "Jitior" {chop, Fragile rC++ Int+3} (You took it off a spriggan on level 3 of the Swamp)
  3559 | Swamp:4  | Entered Level 4 of the Swamp
  3568 | Swamp:4  | Reached ***** piety under Trog
  3675 | Swamp:4  | Noticed crawlian's ghost (journeyman DEFE)
  3764 | Swamp:4  | Reached skill level 19 in Axes
  4032 | Swamp:4  | rly
  4053 | Swamp:4  | Reached XP level 14. HP: 128/132 MP: 13/13
  4099 | Swamp:4  | Noticed a purple very ugly thing
  4119 | Swamp:4  | Killed a purple very ugly thing
  4200 | Swamp:4  | Reached skill level 15 in Armour
  4209 | Swamp:4  | Reached skill level 20 in Axes
  4264 | Swamp:4  | Killed crawlian's ghost
  4433 | Swamp:4  | Got a decaying rune of Zot
  4622 | Snake:1  | Entered Level 1 of the Snake Pit
  4635 | Snake:1  | Received a gift from Trog
  4786 | Snake:1  | Reached skill level 21 in Axes
  4797 | Snake:1  | Found Unixadix's Food Shoppe.
  4819 | Snake:1  | Bought a meat ration for 50 gold pieces
  4819 | Snake:1  | Bought a meat ration for 50 gold pieces
  4819 | Snake:1  | Bought a bread ration for 50 gold pieces
  4819 | Snake:1  | Bought a bread ration for 50 gold pieces
  4819 | Snake:1  | Bought a meat ration for 50 gold pieces
  4819 | Snake:1  | Bought a meat ration for 50 gold pieces
  4819 | Snake:1  | Bought a meat ration for 50 gold pieces
  5079 | Snake:4  | Entered Level 4 of the Snake Pit
  5228 | Snake:4  | Reached XP level 15. HP: 98/137 MP: 14/14
  5504 | Snake:4  | Noticed a greater naga
  5508 | Snake:4  | Noticed a greater naga
  5751 | Snake:4  | Killed a greater naga
  5758 | Snake:4  | Reached skill level 22 in Axes
  5902 | Snake:4  | Killed a greater naga
  6044 | Snake:4  | Noticed a greater naga
  6072 | Snake:4  | Killed a greater naga
  6208 | Snake:4  | Reached skill level 5 in Dodging
  6211 | Snake:4  | Got a serpentine rune of Zot
  6315 | Snake:4  | Reached skill level 15 in Fighting
  6555 | D:10     | Noticed Fannar
  6568 | D:10     | Killed Fannar
  6679 | D:11     | Noticed Maurice
  6690 | D:11     | Killed Maurice
  6737 | D:12     | Reached XP level 16. HP: 149/149 MP: 15/15
  6749 | D:11     | You fall through a shaft for 2 floors!
  6794 | D:12     | Received a gift from Trog
  6860 | D:15     | Entered Level 15 of the Dungeon
  6861 | D:15     | Found a staircase to the Depths.
  7013 | D:15     | Killed from afar by a fire giant

Vault maps used:
D:1:      dpeg_arrival_stonehenge_8_columns
D:2:      nrook_loot_triangle
D:3:      serial_forest, infiniplex_forest_straight_4,
          infiniplex_forest_straight_2, infiniplex_forest_clump_long,
          infiniplex_forest_clump_diagonal, infiniplex_forest_straight_2,
          infiniplex_forest_clump_curved, infiniplex_forest_end_double,
          okawaru_trees_2
D:4:      minmay_bisected
D:5:      lemuel_round_altar, first_bread, minmay_misc_feat_secret_circle,
          fedhas_altar_fruit_tree
D:7:      uniq_joseph
D:9:      erik_lair_orcish_takeover, uniq_erica
D:10:     blue_anna_alchemist, uniq_fannar
D:11:     hiddenorc2_lemuel, uniq_maurice
D:12:     uniq_urug
D:14:     minmay_chopped_fan, erik_vaults_2, serial_park_tiny_2, serial_shops,
          bzr_entry_road, kennysheep_generic_room_9
D:15:     grunt_enter_depths_giant_problem, columned_hall_lemuel, minivault_28,
          uniq_sonja
Lair:1:   fungi_pond_lemuel
Lair:2:   nicolae_swamp_entry_splash_gauntlet, grunt_megastairs_4
Lair:3:   minmay_snake_entry_guardpost_small
Lair:4:   grunt_forest_stairs_clearing
Lair:5:   dpeg_slime_entry_enclosed_altar
Lair:6:   due_jungle_book, portal_ice_cave_entry_imps, minivault_26,
          infiniplex_staircase_pool_2
Swamp:1:  nicolae_swamp_dense_foliage, swamp_pool2
Swamp:2:  nicolae_swamp_very_dense_foliage, swamp_pool1, uniq_kirke
Swamp:3:  nicolae_swamp_fairy_circle
Swamp:4:  swamp_vile, swamp_pool5
Snake:1:  serial_shops, shop, st_stairs_11, grunt_ministairs_11,
          nicolae_snake_double_loop, corexii_hall_statues_t,
          guppyfry_snake_island, uniq_josephine
Snake:2:  grunt_ministairs_1
Snake:3:  uniq_vashnia
Snake:4:  grunt_snake_rune_serpentine_throne, minmay_shop_grove
IceCv:    ice_cave_small_giant

Skill      XL: |  1  2  3  4  5  6  7  8  9 10 11 12 13 14 15 16 |
---------------+-------------------------------------------------+-----
Fighting       | 4 5 6 7 9 10 12 13 14 15 | 15.3
Axes           | 4 5 6 7 9 10 12 14 15 17 19 21 22 | 22.3
Armour         | 3 4 5 6 7 9 10 11 13 14 16 17 | 17.7
Dodging        | 5 6 |  6.6

Action                   |  1- 3 |  4- 6 |  7- 9 | 10-12 | 13-15 | 16-18 || total
-------------------------+-------+-------+-------+-------+-------+-------++-------
Melee: War axe           |    20 |    40 |    52 |       |       |       ||   112
       Hand axe          |     6 |       |       |       |       |       ||     6
       Headbutt          |     5 |     6 |    15 |    59 |   214 |    13 ||   312
       Broad axe         |       |       |    19 |   248 |   523 |       ||   790
       Battleaxe         |       |       |       |       |   276 |    64 ||   340
Invok: Berserk           |     2 |     5 |     7 |    14 |    23 |     1 ||    52
       Burn Spellbooks   |       |     1 |       |       |       |       ||     1
       Trog's Hand       |       |     3 |     3 |     9 |    50 |     4 ||    69
       Brothers in Arms  |       |       |       |     1 |     2 |       ||     3
Evoke: Wand              |       |       |       |       |    12 |     3 ||    15
  Use: Potion            |       |     2 |       |     3 |     6 |       ||    11
       Scroll            |       |       |     7 |     6 |    17 |     2 ||    32
 Stab: Confused          |       |       |       |       |     1 |       ||     1
       Distracted        |       |       |       |       |     1 |       ||     1
  Eat: Chunk             |       |     7 |    10 |    19 |    23 |     2 ||    61
       Bread ration      |       |       |       |     2 |     7 |       ||     9
       Pizza             |       |       |       |       |     1 |       ||     1
       Meat ration       |       |       |       |       |       |     1 ||     1
       Beef jerky        |       |       |       |       |       |     1 ||     1
Armor: Animal skin       |     4 |     3 |       |       |       |       ||     7
       Plate armour      |       |       |    37 |   170 |   484 |    59 ||   750
Dodge: Dodged            |    20 |    35 |    41 |    88 |   256 |    44 ||   484
Block: Shield            |       |       |       |    69 |    20 |       ||    89
